 Dungeon Crawl Stone Soup version 0.23.1-37-gaa34b87b72 (webtiles) character file.

Game seed: 17561096037063954650

947 OdinFK the Magician (level 7, -1/55 HPs)
             Began as a Deep Elf Fire Elementalist on Mar 24, 2019.
             Was an Initiate of Vehumet.
             Slain by a centaur (3 damage)
             ... on level 6 of the Dungeon.
             The game lasted 00:18:38 (3906 turns).

OdinFK the Magician (Deep Elf Fire Elementalist)    Turns: 3906, Time: 00:18:38

Health: -1/55      AC:  2    Str: 10    XL:     7   Next: 89%
Magic:  7/19       EV: 14    Int: 22    God:    Vehumet [......]
Gold:   312        SH:  0    Dex: 17    Spells: 8/20 levels left

rFire    + . .     SeeInvis .   n - +10 dagger of Vil Bum {venom, rF+}
rCold    . . .     Gourm    .   (no shield)
rNeg     . . .     Faith    .   a - +0 robe
rPois    .         Spirit   .   (no helmet)
rElec    .         Reflect  .   (no cloak)
rCorr    .         Harm     .   (no gloves)
MR       .....                  (no boots)
Stlth    ..........             (no amulet)
HPRegen  0.18/turn              i - +2 ring of dexterity
MPRegen  0.16/turn              (no ring)

@: berserking, very slightly contaminated, very quick
A: no striking features
a: Renounce Religion


You were on level 6 of the Dungeon.
You worshipped Vehumet.
Vehumet was noncommittal.
You were very hungry.

You visited 2 branches of the dungeon, and saw 7 of its levels.

You collected 312 gold pieces.

Inventory:

Hand Weapons
 n - the +10 dagger of Vil Bum (weapon) {venom, rF+}
   (You found it on level 5 of the Dungeon)

   It poisons the flesh of those it strikes.
   It protects you from fire.
Armour
 a - a +0 robe (worn)
Jewellery
 i - a +2 ring of dexterity (left hand)
 k - an uncursed amulet of rage {unknown}
Wands
 m - a wand of paralysis (3)
 u - a wand of clouds (3)
Scrolls
 b - 4 scrolls of teleportation
 e - 2 scrolls of amnesia
 f - a scroll of noise {unknown}
 h - 2 scrolls of blinking {unknown}
 j - 8 scrolls of remove curse
 p - a scroll of random uselessness {unknown}
 r - 2 scrolls of enchant armour {unknown}
 t - 2 scrolls of fog {unknown}
Potions
 g - 2 potions of flight
 l - 3 potions of haste
 s - a potion of curing {unknown}
 v - a potion of might {unknown}
Comestibles
 c - 12 rations


   Skills:
 + Level 0.8 Fighting
 + Level 1.4 Short Blades
 + Level 3.2 Dodging
 - Level 2.4 Stealth
 + Level 7.1 Spellcasting
 + Level 5.0 Conjurations
 + Level 6.1 Fire Magic
 - Level 2.0 Evocations


You had 8 spell levels left.
You knew the following spells:

 Your Spells              Type           Power        Failure   Level  Hunger
a - Flame Tongue          Conj/Fire      ####.        1%          1    None
b - Throw Flame           Conj/Fire      ####..       1%          2    None
c - Sticky Flame          Conj/Fire      ####....     9%          4    ###....
d - Fireball              Conj/Fire      ####......   22%         5    #####..

Your spell library contained the following spells:

 Spells                   Type           Power        Failure   Level  Hunger
 Conjure Flame            Conj/Fire      ####....     2%          3    None
 Inner Flame              Hex/Fire       ###.....     7%          3    None


Dungeon Overview and Level Annotations

Branches:
Dungeon (6/15)             Temple (1/1) D:6

Altars:
Ashenzari
Cheibriados
Dithmenos
Fedhas
Gozag
Hepliaklqana
Kikubaaqudgha
Makhleb
Nemelex Xobeh
Okawaru
Qazlal
Ru
Sif Muna
Trog
Uskayaw
Vehumet
Wu Jian
Xom
Yredelemnul
Zin
The Shining One


Message History

The centaur hits you.
Casting: Sticky Flame (safe; 9% risk of failure)
Confirm with . or Enter, or press ? or * to list all spells.
Aiming: Sticky Flame (safe; 9% risk of failure)
Press: ? - help, Shift-Dir - straight line, f/p - centaur
Aim: a centaur The sticky flame hits the centaur but does no damage.
The centaur is covered in liquid flames!
You are feeling very hungry.
The centaur burns!
The centaur barely misses you. The centaur hits you.
* * * LOW HITPOINT WARNING * * *
You barely miss the centaur.
The centaur is moderately wounded.
The centaur burns!
The centaur hits you!
* * * LOW HITPOINT WARNING * * *
It was a potion of berserk rage.
A red film seems to cover your vision as you go berserk!
You feel yourself moving faster!
You feel mighty!
The centaur burns!
The centaur hits you.
You die...

.. #( ###.##
..... #. ...# #.#
#..# #.# #.c# #.#
#.@# ##.##
#.(######
##...###(........
#......(.########
#....##### #.#.##
# #.##### #.#...#
#.....#


You could see a centaur (burning).

Vanquished Creatures
  A hippogriff (D:5)
  Menkaure (D:6)
  Duvessa (D:4)
  A sky beast (D:6)
  Blork the orc (D:4)
  Dowan (D:4)
  A scorpion (D:4)
  A hound (D:4)
  A bullfrog skeleton (D:6)
  A worker ant (D:6)
  5 gnolls
  4 adders
  3 oozes
  An adder skeleton (D:5)
  2 worms (D:2)
  A dart slug (D:3)
  A leopard gecko (D:6)
  An orc (D:3)
  6 bats
  A giant cockroach (D:4)
  7 goblins
  9 hobgoblins
  3 jackals (D:1)
  11 kobolds
  4 quokkas
  A ball python (D:5)
  7 frilled lizards
  A leopard gecko zombie (D:6)
  A quokka zombie (D:6)
  10 rats
89 creatures vanquished.

Notes
Turn   | Place    | Note
-------+----------+-------------------------------------------
     0 | D:1      | OdinFK the Deep Elf Fire Elementalist began the quest for
                  | the Orb.
     0 | D:1      | Reached XP level 1. HP: 10/10 MP: 6/6
    81 | D:1      | Reached XP level 2. HP: 12/15 MP: 1/8
    85 | D:1      | Learned a level 2 spell: Throw Flame
   339 | D:1      | Reached XP level 3. HP: 15/19 MP: 2/10
   771 | D:1      | Reached skill level 4 in Spellcasting
  1455 | D:2      | Reached XP level 4. HP: 24/24 MP: 0/12
  1461 | D:2      | Learned a level 4 spell: Sticky Flame
  1556 | D:2      | Found a hazy altar of Hepliaklqana.
  1568 | D:2      | Found a glowing golden altar of the Shining One.
  1859 | D:3      | Noticed an angel
  1862 | D:3      | Found a glowing silver altar of Zin.
  1862 | D:3      | Found a shimmering altar of Xom.
  2014 | D:3      | You fall through a shaft for 2 floors!
  2014 | D:5      | Entered Level 5 of the Dungeon
  2060 | D:5      | Noticed a hippogriff
  2142 | D:4      | Reached skill level 5 in Spellcasting
  2142 | D:4      | Reached XP level 5. HP: 28/28 MP: 1/14
  2165 | D:4      | Noticed Blork the orc
  2167 | D:4      | Noticed Duvessa
  2176 | D:4      | Killed Blork the orc
  2188 | D:4      | Noticed Dowan
  2658 | D:4      | Reached XP level 6. HP: 27/32 MP: 4/16
  2728 | D:4      | Killed Duvessa
  2728 | D:4      | Reached skill level 5 in Fire Magic
  2768 | D:4      | Killed Dowan
  2768 | D:4      | Reached skill level 1 in Short Blades
  2768 | D:4      | Reached skill level 6 in Spellcasting
  3051 | D:4      | Found a burning altar of Makhleb.
  3114 | D:5      | Got a scorched dagger
  3115 | D:5      | Identified the +10 dagger of Vil Bum {venom, rF+} (You
                  | found it on level 5 of the Dungeon)
  3140 | D:5      | Killed a hippogriff
  3140 | D:5      | Reached skill level 1 in Evocations
  3140 | D:5      | Reached XP level 7. HP: 36/36 MP: 10/18
  3546 | D:6      | Found a staircase to the Ecumenical Temple.
  3555 | Temple   | Entered the Ecumenical Temple
  3568 | Temple   | Became a worshipper of Vehumet
  3825 | D:6      | Noticed Menkaure
  3833 | D:6      | Learned a level 5 spell: Fireball
  3858 | D:6      | Killed Menkaure
  3858 | D:6      | Reached skill level 7 in Spellcasting
  3858 | D:6      | Reached skill level 5 in Conjurations
  3905 | D:6      | HP: 1/37 [centaur (9)]
  3906 | D:6      | Slain by a centaur

Skill      XL: |  1  2  3  4  5  6  7 |
---------------+----------------------+-----
Fire Magic     | 4 5 6 |  6.1
Spellcasting   | 4 5 6 7 |  7.1
Conjurations   | 2 3 4 5 |  5.0
Dodging        | 3 |  3.2
Short Blades   | 1 |  1.4
Evocations     | 1 2 |  2.0
Fighting       | |  0.8
Stealth        | |  2.4

Action                   |  1- 3 |  4- 6 |  7- 9 || total
-------------------------+-------+-------+-------++-------
Melee: Short sword       |     2 |       |       ||     2
       Dagger            |    13 |     6 |    15 ||    34
 Cast: Flame Tongue      |    62 |    24 |    13 ||    99
       Throw Flame       |    22 |    39 |     6 ||    67
       Sticky Flame      |       |     3 |     3 ||     6
       Fireball          |       |       |     1 ||     1
Evoke: Wand              |       |     6 |       ||     6
  Use: Scroll            |     3 |     1 |     2 ||     6
       Potion            |       |       |     1 ||     1
 Stab: Sleeping          |     1 |       |     2 ||     3
       Paralysed         |       |     6 |       ||     6
  Eat: Chunk             |     2 |     6 |     2 ||    10
Armor: Robe              |     4 |       |     3 ||     7
Dodge: Dodged            |    30 |     5 |    11 ||    46
